 Dungeon Crawl Stone Soup version 0.27-a0-522-g46bbb28828 (webtiles) character file.

Game seed: 1120041474714727288

124 srzhan31 the Firebug (level 5, 0/39 HPs)
             Began as a Hill Orc Fire Elementalist on Mar 5, 2021.
             Succumbed to a kobold brigand's poison
             ... on level 3 of the Dungeon.
             The game lasted 00:17:51 (3135 turns).

srzhan31 the Firebug (Hill Orc Fire Elementalist)   Turns: 3135, Time: 00:17:52

Health: 0/39       AC:  3    Str: 11    XL:     5   Next: 8%
Magic:  2/8        EV: 12    Int: 16    God:
Gold:   74         SH:  0    Dex: 11    Spells: 8/9 levels left

rFire    . . .     SeeInvis .   (no weapon)
rCold    . . .     Faith    .   (no shield)
rNeg     . . .     Spirit   +   a - +0 robe
rPois    .         Reflect  .   (no helmet)
rElec    .         Harm     .   (no cloak)
rCorr    .         Rampage  .   (no gloves)
Will     .....                  b - +0 pair of boots
Stlth    ++........             m - amulet of guardian spirit
HPRegen  0.13/turn              (no ring)
MPRegen  0.11/turn              (no ring)

@: lethally poisoned (0 -> -13)
A: no striking features
a: no special abilities


You were on level 3 of the Dungeon.
You visited 1 branch of the dungeon, and saw 3 of its levels.

You collected 74 gold pieces.

Inventory:

Missiles
 i - 26 stones
Armour
 a - a +0 robe (worn)
 b - a +0 pair of boots (worn)
 l - a +0 leather armour
Jewellery
 m - an amulet of guardian spirit (around neck)
Scrolls
 c - 3 scrolls of identify {unknown}
 d - 2 scrolls of blinking {unknown}
 h - a scroll of teleportation {unknown}
 k - a scroll of enchant armour {unknown}
 o - a scroll of magic mapping {unknown}
Potions
 e - 2 potions of lignification {unknown}
 f - a potion of flight {unknown}
 g - a potion of heal wounds {unknown}
 j - a potion of mutation {unknown}
 n - a potion of cancellation {unknown}


   Skills:
 * Level 0.9 Fighting
 * Level 1.0 Armour
 * Level 2.0 Dodging
 - Level 1.7 Stealth
 + Level 0.2 Unarmed Combat
 * Level 2.5 Spellcasting
 * Level 1.9 Conjurations
 * Level 4.2 Fire Magic


You had 8 spell levels left.
You knew the following spells:

 Your Spells              Type           Power        Failure   Level
a - Foxfire               Conj/Fire      44%          5%          1

Your spell library contained the following spells:

 Spells                   Type           Power        Failure   Level
 Conjure Flame            Conj/Fire      11%          17%         3
 Inner Flame              Hex/Fire       8%           24%         3
 Sticky Flame             Conj/Fire      11%          50%         4
 Fireball                 Conj/Fire      5%           83%         5


Dungeon Overview and Level Annotations

Branches:
Dungeon (3/15)

Altars:
Fedhas
Hepliaklqana
Kikubaaqudgha
Makhleb


Message History

The kobold brigand is almost dead.
The kobold brigand hits you with a +0 whip.
You hit the kobold brigand.
The kobold brigand is almost dead.
The kobold brigand hits you with a +0 whip!
* * * LOW HITPOINT WARNING * * *
You don't have enough magic to cast this spell.
Unknown command.
The kobold brigand throws a poisoned dart.
The poisoned dart hits you.
You are poisoned.
Unknown command.
You feel sick.
The kobold brigand throws a poisoned dart.
The poisoned dart hits you!
You are lethally poisoned!
* * * LOW HITPOINT WARNING * * *
You feel sick.
* * * LOW HITPOINT WARNING * * *
You feel sick.
* * * LOW HITPOINT WARNING * * *
You feel sick.
* * * LOW HITPOINT WARNING * * *
You feel sick.
The kobold brigand throws a poisoned dart.
The poisoned dart barely misses you.
* * * LOW HITPOINT WARNING * * *
You feel sick.
The kobold brigand throws a poisoned dart.
The poisoned dart barely misses you.
* * * LOW HITPOINT WARNING * * *
You feel sick.
Things that are here:
23 stones; a +0 falchion
* * * LOW HITPOINT WARNING * * *
You feel sick.
The kobold brigand throws a poisoned dart.
The poisoned dart hits you!
You are more poisoned.
You die...

## .. #. #. #.
.#####.### #..#
.......@.# #..#
######.#(###..#
#....##..#####
#............###..
##.K.##..##..... . ##
###.###..##..###...
#.##.................#
#.#.#.####.###.######
## #.....###.# #.# ##


You could see a kobold brigand.

Vanquished Creatures
  Jessica (D:2)
  A gnoll (D:1)
  4 adders
  An ooze (D:2)
  A dart slug (D:1)
  2 leopard geckos
  An orc (D:3)
  2 ball pythons
  A giant cockroach (D:3)
  8 hobgoblins
  6 jackals
  3 bats
  3 frilled lizards
  2 goblins
  3 kobolds
  8 rats
47 creatures vanquished.

Vanquished Creatures (others)
  178 foxfires
178 creatures vanquished.

Grand Total: 225 creatures vanquished

Notes
Turn   | Place    | Note
-------+----------+-------------------------------------------
     0 | D:1      | srzhan31 the Hill Orc Fire Elementalist began the quest for
                  | the Orb.
     0 | D:1      | Reached XP level 1. HP: 14/14 MP: 3/3
   248 | D:1      | Reached XP level 2. HP: 7/20 MP: 0/4
   607 | D:1      | Reached XP level 3. HP: 20/26 MP: 1/5
   854 | D:2      | Reached skill level 4 in Fire Magic
  1619 | D:2      | Noticed Jessica
  1643 | D:2      | Killed Jessica
  1644 | D:2      | Reached XP level 4. HP: 8/33 MP: 1/7
  1726 | D:2      | HP: 1/33 [jackal (2)]
  1863 | D:2      | Found a hazy altar of Hepliaklqana.
  1927 | D:2      | Found a burning altar of Makhleb.
  2113 | D:2      | Found an ancient bone altar of Kikubaaqudgha.
  2314 | D:2      | Found a blossoming altar of Fedhas.
  2526 | D:3      | Noticed a kobold brigand
  2573 | D:2      | Reached XP level 5. HP: 13/39 MP: 1/8
  2817 | D:2      | Reached skill level 1 in Armour
  3134 | D:3      | HP: 1/39 [poisoned by a kobold brigand]
  3135 | D:3      | Succumbed to a kobold brigand's poison

Illustrated notes

Levels and vault maps discovered:
D:1:      lemuel_arrival_lava_pool, layout_rooms, minmay_curled_crystal,
          minmay_liquid_box
D:2:      layout_loops_corners, lemuel_coloured_pillars_altar,
          marbit_many_paths, nicolae_overflow_crystal_walls, old_standard_altar,
          uniq_jessica
D:3:      layout_loops_ring

Skill      XL: |  1  2  3  4  5 |
---------------+----------------+-----
Fire Magic     | 4 |  4.2
Spellcasting   | 2 |  2.5
Armour         | 1 |  1.0
Dodging        | 2 |  2.0
Fighting       | |  0.9
Stealth        | |  1.7
Unarmed Combat | |  0.2
Conjurations   | |  1.9

Action                   |  1- 3 |  4- 6 || total
-------------------------+-------+-------++-------
Melee: Unarmed           |    26 |    11 ||    37
 Cast: Foxfire           |    67 |    47 ||   114
Armor: Robe              |    10 |     6 ||    16
Dodge: Dodged            |    48 |    37 ||    85

Table legend: (Time is in decaauts)
 A = Elapsed time spent in this place.
 B = Non-inter-level travel time spent in this place.
 C = Inter-level travel time spent in this place.
 D = Time resting spent in this place.
 E = Time spent auto-exploring this place.
 F = Levels seen in this place.
 G = Mean time per level.
                   A        B        C        D        E       F      G
               +--------+--------+--------+--------+--------+-----+--------+
         Total |   3140 |   3140 |      0 |      0 |      0 |   3 | 1046.7 |
       Dungeon |   3140 |   3140 |      0 |      0 |      0 |   3 | 1046.7 |
               +--------+--------+--------+--------+--------+-----+--------+

Top non-repeatable levels by time:
     D:2: 2019 daAuts
     D:1: 847 daAuts
     D:3: 273 daAuts
